cohdb
Replays
Latest Replays
All Replays
Popular Replays
Top Player Replays
Match Explorer
How It Works
Community
CoH3 Stats
Reddit
Sign in to upload your games and track your stats! →
Sign in with Steam
Match 45476217
Unlisted
Match 45476217
Overview
Messages
Build Orders
End
Selects Italian Infantry
Kradschützen Motorcycle Team
Panzergrenadier Squad
Construct Light Support Kompanie
MG34 Team
Forward Retreat Point
Selects Defensive Operations
2.5-tonne Medical Truck
Fire Support Elements
Pak 38 Anti-tank Gun Team
Selects Guastatori Squad
Guastatori Squad
Selects Registered Artillery
Construct Panzerarmee Kommand
Flak 36 Anti-tank Gun Team
2.5-tonne Medical Truck
Registered Artillery
Selects Territory Booby Traps
Selects Obice 305mm Barrage
Registered Artillery
Obice 305mm Barrage
Flak 36 Anti-tank Gun Team
Guastatori Squad
Walking Stuka Rocket Launcher
Obice 305mm Barrage
Forward Retreat Point
Registered Artillery
Selects Towed Cannone da 105/28 Field Howitzer
Registered Artillery
Armored Reserves
Guastatori Squad
StuG Assault Group
战神白起
祁同伟
Ulpia Victrix
Throwing Fire
suziQ
LZT
Field marshal Prince
FATHER
0
0
Comments
sign in to comment!
No comments posted yet!